Map: Ruins of Endion

Players

Guru

  • Race: Zerg Zerg

Showtime - Winner!

  • Race: Protoss Protoss

Event: DreamHack Open Tours WCS Spring Championship

VOD

Have the link to the VOD?

Description

Time

  • Played on: May 15, 2016, 5:01 a.m.
  • Length: 12:09

All games in this series

Show
View Real Time Build Order
Export as new Build Order

Guru Zerg 

Build Orders: Hatch First 

Get SALT Encoding   

  12  0:01  Drone  
  13  0:12  Overlord  
  13  0:18  Drone  
  14  0:32  Drone x2  
  14  0:35  Drone  
  17  0:52  Hatchery  
  17  0:55  Drone  
  17  1:09  Spawning Pool  
  16  1:12  Extractor  
  16  1:14  Drone  
  16  1:18  Drone  
  17  1:21  Drone  
  18  1:29  Drone  
  19  1:44  Overlord  
  19  1:56  Queen  
  19  1:57  Zergling x2  
  22  2:04  Queen  
  22  2:05  Drone x2  
  26  2:12  Drone  
  26  2:15  Metabolic Boost  
  27  2:18  Drone  
  27  2:22  Drone  
  29  2:27  Drone  
  30  2:38  Drone  
  30  2:42  Hatchery  
  30  2:47  Queen  
  32  2:51  Overlord  
  32  2:54  Zergling x4  
  34  3:03  Zergling x4  
  36  3:09  Drone  
  36  3:10  Drone  
  36  3:11  Drone x2  
  40  3:14  Drone  
  40  3:15  Drone  
  40  3:16  Drone x2  
  44  3:20  Overlord  
  44  3:27  Overlord  
  44  3:34  Overlord  
  44  3:40  Drone  
  44  3:43  Drone  
  44  3:44  Drone  
  46  3:49  Overlord  
  46  3:54  Drone  
  47  3:56  Drone x3  
  47  3:57  Drone  
  47  3:58  Queen  
  47  3:59  Queen  
  55  4:05  Queen  
  57  4:13  Zergling x8  
  57  4:16  Overlord  
  61  4:21  Drone  
  61  4:22  Roach Warren  
  61  4:25  Zergling x8  
  61  4:28  Zergling x4  
  61  4:29  Zergling x2  
  61  4:30  Zergling x2  
  69  4:35  Overlord  
  69  4:37  Queen  
  71  4:45  Queen x2  
  69  5:06  Roach  
  68  5:07  Roach x2  
  68  5:09  Drone x2  
  74  5:14  Zergling x2  
  74  5:19  Queen  
  74  5:20  Overlord, Queen  
  74  5:21  Queen, Zergling x10  
  86  5:29  Zergling x4  
  86  5:30  Zergling x4  
  86  5:35  Overlord  
  90  5:40  Roach  
  90  5:41  Roach  
  94  5:43  Zergling x8  
  98  5:50  Overlord  
  98  5:53  Roach x2  
  98  5:55  Zergling x6  
  98  5:56  Zergling x2  
  106  6:09  Zergling x2  
  106  6:10  Zergling x12  
  106  6:11  Zergling x2  
  114  6:20  Overlord  
  114  6:30  Ravager  
  114  6:31  Drone x2  
  114  6:33  Overlord x2  
  114  6:35  Overlord  
  114  6:39  Drone  
  115  6:40  Drone x3  
  115  6:42  Spore Crawler, Extractor x2  
  115  6:43  Drone x3  
  115  6:44  Drone x3  
  121  6:52  Spore Crawler  
  114  6:56  Ravager  
  114  7:00  Zergling x2  
  120  7:01  Zergling x10  
  120  7:05  Evolution Chamber  
  120  7:07  Zergling x2  
  121  7:15  Zergling x2  
  121  7:17  Lair  
  116  7:24  Drone x2  
  116  7:29  Drone x3  
  121  7:36  Drone x2  
  123  7:38  Zerg Missile Weapons Level 1, Spore Crawler  
  123  7:39  Drone  
  123  7:50  Hatchery  
  116  7:55  Drone  
  116  7:56  Drone x4  
  117  7:59  Ravager  
  117  8:00  Ravager x2  
  117  8:02  Drone  
  117  8:05  Ravager  
  119  8:07  Drone  
  119  8:08  Drone  
  119  8:12  Drone  
  121  8:13  Drone  
  117  8:24  Drone x3  
  119  8:30  Overlord  
  119  8:33  Overlord  
  115  8:36  Hydralisk Den  
  115  8:37  Drone x2  
  116  8:42  Spore Crawler, Drone  
  116  8:47  Overlord, Spore Crawler  
  115  8:51  Drone  
  116  8:56  Spore Crawler  
  116  8:57  Drone x3  
  117  9:05  Ravager  
  117  9:06  Overlord  
  117  9:08  Drone x2  
  118  9:10  Drone  
  118  9:13  Muscular Augments  
  118  9:14  Drone  
  118  9:15  Drone  
  118  9:16  Extractor  
  120  9:19  Drone x2  
  109  9:34  Hydralisk  
  109  9:35  Hydralisk x2  
  109  9:36  Hydralisk  
  114  9:44  Drone  
  109  9:48  Zergling x10  
  109  9:50  Drone x3  
  109  9:51  Drone  
  109  9:52  Drone x2  
  118  9:53  Drone  
  116  10:04  Hydralisk x3  
  116  10:09  Hydralisk  
  116  10:12  Zergling x4  
  116  10:13  Zergling x8  
  118  10:17  Drone  
  118  10:18  Drone  
  120  10:26  Zergling x4  
  122  10:29  Drone x2  
  122  10:32  Evolution Chamber  
  122  10:34  Drone x2  
  125  10:41  Hatchery  
  125  10:42  Spore Crawler x2  
  123  10:43  Extractor  
  123  10:44  Drone x3  
  123  10:46  Hydralisk  
  125  10:53  Hydralisk x2  
  125  10:55  Zergling x2  
  123  11:04  Drone x3  
  121  11:08  Drone x2  
  123  11:11  Hydralisk  
  123  11:17  Hydralisk  
  127  11:20  Zergling x8  
  127  11:23  Hydralisk  
  103  11:39  Hydralisk x2  
  97  11:40  Hydralisk x2  
Show
View Real Time Build Order
Export as new Build Order

Showtime Protoss - Winner!

Build Orders: 1 Gate Expand 

Get SALT Encoding   

  12  0:00  Probe (Chrono Boost)  
  13  0:11  Probe (Chrono Boost)  
  14  0:21  Pylon  
  14  0:22  Probe (Chrono Boost)  
  15  0:39  Probe (Chrono Boost), Gateway  
  16  0:44  Assimilator  
  16  0:49  Probe (Chrono Boost)  
  17  1:00  Probe (Chrono Boost)  
  18  1:10  Probe (Chrono Boost)  
  19  1:21  Probe (Chrono Boost)  
  20  1:28  Nexus  
  20  1:35  Cybernetics Core  
  20  1:37  Probe (Chrono Boost)  
  21  1:41  Assimilator  
  21  1:47  Probe (Chrono Boost)  
  21  1:52  Pylon  
  22  1:58  Probe (Chrono Boost)  
  23  2:10  Probe (Chrono Boost)  
  23  2:11  Adept (Chrono Boost)  
  23  2:12  Warp Gate (Chrono Boost)  
  26  2:22  Probe  
  27  2:34  Probe (Chrono Boost)  
  30  2:37  Adept (Chrono Boost)  
  30  2:40  Probe (Chrono Boost)  
  31  2:44  Mothership Core (Chrono Boost)  
  31  2:45  Gateway  
  31  2:49  Gateway  
  33  2:57  Probe  
  34  3:02  Probe, Pylon  
  35  3:09  Probe  
  35  3:11  Adept (Chrono Boost)  
  36  3:13  Probe  
  39  3:21  Probe  
  39  3:26  Probe  
  41  3:33  Probe  
  42  3:36  Stargate  
  42  3:40  Probe  
  43  3:42  Stargate  
  43  3:46  Probe  
  43  3:47  Pylon  
  42  3:52  Probe (Chrono Boost)  
  43  3:57  Pylon, Assimilator  
  43  3:58  Probe (Chrono Boost)  
  43  4:01  Assimilator  
  44  4:04  Probe (Chrono Boost)  
  44  4:09  Probe (Chrono Boost)  
  46  4:10  Adept x3  
  46  4:15  Probe (Chrono Boost)  
  53  4:20  Probe (Chrono Boost)  
  54  4:25  Probe (Chrono Boost), Phoenix (Chrono Boost)  
  54  4:27  Phoenix (Chrono Boost)  
  54  4:31  Probe  
  60  4:37  Probe  
  61  4:40  Pylon  
  61  4:56  Probe x2  
  61  4:58  Adept x2  
  63  5:08  Probe x2, Phoenix x2 (Chrono Boost)  
  63  5:16  Nexus  
  63  5:17  Pylon  
  63  5:20  Probe x2  
  65  5:25  Pylon  
  65  5:32  Phoenix (Chrono Boost)  
  69  5:36  Phoenix (Chrono Boost)  
  69  5:45  Gateway x2  
  69  5:50  Gateway  
  69  5:51  Pylon  
  69  5:52  Sentry x2  
  69  5:54  Sentry  
  75  5:58  Pylon  
  75  5:59  Phoenix (Chrono Boost)  
  75  6:00  Phoenix (Chrono Boost)  
  79  6:05  Pylon  
  79  6:06  Pylon  
  79  6:11  Pylon  
  79  6:14  Pylon  
  79  6:15  Sentry x2  
  79  6:18  Sentry  
  85  6:20  Pylon  
  85  6:25  Gateway  
  85  6:33  Forge  
  85  6:35  Stalker  
  85  6:36  Stalker  
  89  6:41  Pylon  
  89  6:43  Stalker  
  91  6:47  Stalker x2  
  91  6:52  Stalker  
  96  6:57  Pylon  
  96  7:06  Stalker  
  96  7:07  Stalker  
  100  7:15  Photon Cannon  
  100  7:18  Photon Cannon  
  100  7:26  Photon Cannon, Stalker  
  100  7:27  Sentry x2  
  106  7:33  Protoss Ground Weapons Level 1  
  106  7:37  Zealot  
  106  7:38  Zealot x2  
  112  7:50  Zealot  
  112  7:51  Zealot x2  
  116  7:57  Photon Cannon  
  116  8:12  Robotics Facility  
  116  8:14  Phoenix  
  116  8:15  Robotics Facility  
  118  8:25  Pylon  
  118  8:26  Pylon  
  118  8:27  Zealot  
  118  8:28  Zealot x2  
  124  8:47  Nexus  
  122  8:49  Pylon  
  122  9:01  Pylon  
  122  9:02  Pylon  
  122  9:04  Immortal x2 (Chrono Boost), Pylon  
  130  9:11  Pylon  
  130  9:13  Robotics Bay  
  130  9:20  Twilight Council  
  130  9:29  Zealot x3  
  130  9:30  Zealot  
  138  9:40  Immortal (Chrono Boost)  
  138  9:41  Observer (Chrono Boost)  
  138  9:43  Zealot x3  
  149  10:04  Disruptor (Chrono Boost)  
  145  10:14  Disruptor (Chrono Boost)  
  145  10:30  Assimilator  
  145  10:31  Assimilator  
  148  10:35  Disruptor (Chrono Boost)  
  148  10:37  Probe  
  148  10:39  Probe  
  150  10:46  Disruptor (Chrono Boost)  
  153  10:56  Probe  
  153  10:57  Probe  
  155  11:09  Disruptor (Chrono Boost)  
  158  11:16  Stalker x5  
  158  11:17  Stalker x2  
  144  11:51  Stalker x4  
  144  11:52  Stalker  
  144  11:53  Stalker x2  

Tags
 
Add a new tag
Caveats
  • Supply blocks, unpowered buildings, or Contaminate may cause inaccurate times.
  • Supply counts are checked every 10 seconds.